 Dungeon Crawl Stone Soup version 0.17.1-3-g152610e (webtiles) character file.

12641 kaze the Nimble (level 11, -5/109 HPs)
             Began as a Troll Berserker on Apr 26, 2016.
             Was a High Priest of Trog.
             Slain by an 11-headed hydra (11 damage)
             ... on level 12 of the Dungeon.
             The game lasted 00:29:27 (10097 turns).

kaze the Nimble (Troll Berserker)                  Turns: 10097, Time: 00:29:27

Health: -5/109     AC:  9    Str: 28    XL:     11   Next: 65%
Magic:  11/11      EV: 10    Int:  5    God:    Trog [*****.]
Gold:   240        SH: 19    Dex:  9    Spells: 0 memorised, 10 levels left

rFire  . . .     SeeInvis +     a - +4 broad axe
rCold  + . .     Clarity  .     G - +0 animal skin
rNeg   . . .     SustAt   .     z - +2 large shield
rPois  .         Gourm    +     B - +1 hat
rElec  .         Spirit   .     J - +2 cloak
rCorr  .         Warding  .     (gloves unavailable)
rMut   .         Stasis   .     (boots unavailable)
MR     +++..                    (no amulet)
Stlth  +.........               y - ring of protection from magic
                                x - ring of see invisible

@: exhausted, about to teleport, regenerating, slowed, very slow, extremely
resistant to hostile enchantments, very unstealthy
A: unfitting armour, claws 3, clever 1, cold resistance 1, fast metabolism 3,
gourmand, high mp 1, regeneration 3, shaggy fur 1, tough skin 2, weak 1, wild
magic 1
a: Berserk, Trog's Hand, Brothers in Arms, Burn Spellbooks, Renounce Religion


You were on level 12 of the Dungeon.
You worshipped Trog.
Trog was extremely pleased with you.
You were very full.

You visited 1 branch of the dungeon, and saw 12 of its levels.

You collected 746 gold pieces.
You spent 506 gold pieces at shops.

Inventory:

Hand Weapons
 a - a +4 broad axe (weapon)
 b - a +2 hand crossbow of flaming
Missiles
 t - 20 tomahawks (quivered)
 C - 6 tomahawks of returning
 I - 2 large rocks
 L - 3 tomahawks of dispersal
Armour
 z - a +2 large shield (worn)
 B - a +1 hat (worn)
 G - a +0 animal skin (worn)
 J - a +2 cloak (worn)
Jewellery
 x - a ring of see invisible (left claw)
 y - a ring of protection from magic (right claw)
Wands
 o - a wand of heal wounds (3)
 v - a wand of flame (23)
 A - a wand of cold (9)
Scrolls
 c - a scroll of fear
 g - 7 scrolls of remove curse
 i - 3 scrolls of recharging
 j - 3 scrolls of teleportation
 r - 2 scrolls of blinking
 D - a scroll of torment {unknown}
 E - a scroll of identify
Potions
 e - 2 potions of cancellation
 f - a potion of magic
 h - 6 potions of curing
 k - a potion of invisibility
 m - a potion of flight
 n - a potion of ambrosia {unknown}
 q - 2 potions of heal wounds
 w - 2 potions of brilliance
Comestibles
 d - 2 royal jellies
 l - 7 meat rations
 p - a chunk of flesh
 s - 10 beef jerkies
 u - 6 slices of pizza
 F - 10 bread rations


   Skills:
 + Level 7.2 Fighting
   Level 2.6 Short Blades
 + Level 5.5 Axes
 + Level 10.4 Dodging
 + Level 1.7 Stealth
 + Level 7.2 Shields
 + Level 3.6 Unarmed Combat


You had 10 spell levels left.
You didn't know any spells.

Dungeon Overview and Level Annotations

Branches:
Dungeon (12/15)            Temple (0/1) D:4            Lair (0/8) D:9
    Orc (0/4) D:10

Altars:
Dithmenos
Gozag
Nemelex Xobeh
Ru
Trog
Vehumet
Xom
Yredelemnul
The Shining One

Shops:
D:7 [!!   D:9 !   D:10 =


Innate Abilities, Weirdness & Mutations

You are too large for most types of armour.
You have claws for hands.
Your metabolism is lightning-fast.
You like to eat raw meat.
You regenerate.
You are covered in fur (AC +1).
You have very tough skin (AC +2).
Your mind is acute. (Int +2)
Your flesh is cold resistant.
You have an increased reservoir of magic (+10% MP).
You are weak. (Str -2)
Your spells are a little harder to cast, but a little more powerful.


Message History

You feel yourself slow down.
Read which item? (? for menu, Esc to quit)
As you read the scroll of teleportation, it crumbles to dust.
You feel strangely unstable. The 11-headed hydra closely misses you.
You block the 11-headed hydra's attack. x3
The 11-headed hydra bites you! The 11-headed hydra bites you.
* * * LOW HITPOINT WARNING * * *
The 11-headed hydra bites you!
* * * LOW HITPOINT WARNING * * *
The 11-headed hydra bites you but does no damage.
The 11-headed hydra bites you.
* * * LOW HITPOINT WARNING * * *
The 11-headed hydra bites you but does no damage.
You block the 11-headed hydra's attack. The 11-headed hydra bites you.
* * * LOW HITPOINT WARNING * * *
The 11-headed hydra bites you but does no damage. x2
The 11-headed hydra bites you.
* * * LOW HITPOINT WARNING * * *
The 11-headed hydra bites you!
You die...

#..#.#.# ##..._..# #
######..#...# ..
#........#....... ...
#........#....... ....
#........#....... ....
#........#.......
#..##D#####..####...#
#...@........# #....
#............# .# ...
###########..#..#
#.........#
#.........#
.##########....###..#
.....................#
.....................#
#...................#


You could see a 11-headed hydra.

Vanquished Creatures
  Gastronok (D:9)
  Pikel (D:6)
  2 hill giants
  3 ugly things (D:11)
  A spiny frog (D:9)
  A water elemental (D:11)
  2 shadows
  12 yaks
  Eustachio (D:5)
  3 deep elf magi
  2 hippogriffs
  A deep elf fighter (D:9)
  A black bear (D:7)
  2 ice beasts
  4 phantoms
  6 orc warriors
  4 sky beasts
  3 centaurs
  9 ogres
  A crocodile (D:9)
  2 giant frogs (D:8)
  A big kobold (D:7)
  4 scorpions
  2 water moccasin skeletons
  4 crimson imps
  A giant frog skeleton (D:11)
  5 orc priests
  A giant frog zombie (D:10)
  Crazy Yiuf (D:5)
  7 hounds
  2 centaur skeletons (D:10)
  3 jellies
  12 orc wizards
  3 iguanas
  7 worker ants
  A statue (D:8)
  Robin (D:3)
  12 adders
  A worker ant zombie (D:9)
  3 river rats (D:9)
  4 gnolls (D:10)
  A shadow imp (D:6)
  2 oozes
  A worm (D:5)
  2 adder skeletons
  An adder zombie (D:7)
  62 orcs
  4 giant cockroaches
  15 goblins
  6 hobgoblins
  15 jackals
  12 kobolds
  4 quokkas
  28 bats
  5 giant geckos
  2 giant gecko skeletons
  3 giant newts
  A jackal skeleton (D:5)
  A quokka skeleton (D:7)
  14 rats
316 creatures vanquished.

Vanquished Creatures (others)
  A slave (D:6)
1 creature vanquished.

Grand Total: 317 creatures vanquished

Notes
Turn   | Place    | Note
--------------------------------------------------------------
     0 | D:1      | kaze the Troll Berserker began the quest for the Orb.
     0 | D:1      | Reached XP level 1. HP: 22/22 MP: 0/0
   215 | D:1      | Reached XP level 2. HP: 29/29 MP: 1/1
   462 | D:1      | Reached ** piety under Trog
   462 | D:1      | Reached XP level 3. HP: 36/36 MP: 2/2
   786 | D:2      | Found a shimmering altar of Xom.
  1266 | D:2      | Found a sparkling altar of Nemelex Xobeh.
  1493 | D:3      | Reached XP level 4. HP: 41/45 MP: 3/3
  1584 | D:3      | Reached skill level 1 in Shields
  1778 | D:3      | Reached XP level 5. HP: 53/53 MP: 4/4
  1952 | D:3      | Noticed Robin
  1963 | D:3      | Killed Robin
  1967 | D:3      | Reached *** piety under Trog
  1984 | D:3      | HP: 2/53 [hobgoblin/club[Robin] (4)]
  2320 | D:4      | Reached skill level 4 in Dodging
  2334 | D:4      | Reached XP level 6. HP: 42/61 MP: 5/5
  2514 | D:4      | Noticed a phantom
  2572 | D:4      | Killed a phantom
  2572 | D:4      | Reached skill level 1 in Short Blades
  3460 | D:4      | Found a staircase to the Ecumenical Temple.
  3590 | D:5      | Entered Level 5 of the Dungeon
  3590 | D:5      | Noticed Eustachio
  3609 | D:5      | Reached XP level 7. HP: 67/67 MP: 6/6
  3836 | D:5      | Found a bloodstained altar of Trog.
  3856 | D:5      | Reached skill level 5 in Dodging
  4177 | D:5      | Killed Eustachio
  4478 | D:5      | Noticed Crazy Yiuf
  4485 | D:5      | Killed Crazy Yiuf
  4581 | D:6      | Reached **** piety under Trog
  4605 | D:6      | Noticed Pikel
  4622 | D:6      | Killed Pikel
  4622 | D:6      | Reached skill level 6 in Dodging
  4622 | D:6      | Reached XP level 8. HP: 77/79 MP: 7/7
  4721 | D:6      | Reached skill level 1 in Stealth
  4737 | D:6      | Found a shadowy altar of Dithmenos.
  5028 | D:6      | Found a glowing golden altar of the Shining One.
  5080 | D:6      | Reached skill level 7 in Dodging
  5541 | D:6      | Reached XP level 9. HP: 87/87 MP: 8/8
  5618 | D:7      | Found Ihyifank's Distillery.
  5623 | D:7      | Bought a potion of heal wounds for 60 gold pieces
  5623 | D:7      | Bought 2 potions of mutation for 60 gold pieces
  5623 | D:7      | Bought a potion of heal wounds for 60 gold pieces
  5623 | D:7      | Bought a potion of heal wounds for 60 gold pieces
  5623 | D:7      | Gained mutation: You are resistant to hostile enchantments. [potion of mutation]
  5623 | D:7      | Gained mutation: You have an increased reservoir of magic (+10% MP). [potion of mutation]
  5623 | D:7      | Gained mutation: Your mind is acute. (Int +2) [potion of mutation]
  5624 | D:7      | Gained mutation: Your flesh is cold resistant. [potion of mutation]
  5724 | D:7      | Found Zekioc's Distillery.
  5742 | D:7      | Bought a potion of heal wounds for 50 gold pieces
  5856 | D:7      | Reached skill level 1 in Axes
  5880 | D:7      | Reached skill level 5 in Fighting
  6006 | D:7      | Found Zokhle Ehusa's Antique Armour Boutique.
  6017 | D:7      | Found a basalt altar of Yredelemnul.
  6595 | D:8      | Found a sacrificial altar of Ru.
  6662 | D:8      | Reached skill level 8 in Dodging
  6686 | D:8      | Found a bloodstained altar of Trog.
  6794 | D:8      | Found a radiant altar of Vehumet.
  6841 | D:8      | Reached ***** piety under Trog
  7171 | D:9      | Found Bofiah's Distillery.
  7277 | D:9      | Noticed Gastronok
  7290 | D:9      | Reached skill level 5 in Shields
  7303 | D:9      | Killed Gastronok
  7303 | D:9      | Reached skill level 9 in Dodging
  7303 | D:9      | Reached XP level 10. HP: 44/98 MP: 10/10
  7416 | D:9      | Received a gift from Trog
  7932 | D:9      | Found a staircase to the Lair.
  8111 | D:7      | Bought a bloodstained robe for 216 gold pieces
  8121 | D:7      | Identified the cursed -5 robe of Misfortune {-Cast *Contam *Tele EV-4 Str-2 Int-2 Dex-2 Stlth-- *Curse} (You bought it in a shop on level 7 of the Dungeon)
  8163 | D:7      | Gained mutation: You are weak. (Str -2) [mutagenic glow]
  8205 | D:10     | Entered Level 10 of the Dungeon
  8363 | D:10     | Noticed a hill giant
  8427 | D:10     | Killed a hill giant
  8486 | D:10     | Reached XP level 11. HP: 75/107 MP: 11/11
  8581 | D:10     | Found a staircase to the Orcish Mines.
  8751 | D:10     | Found Zifo's Jewellery Emporium.
  8812 | D:10     | Found a radiant altar of Vehumet.
  9468 | D:11     | Reached skill level 10 in Dodging
  9502 | D:11     | Lost mutation: You are resistant to hostile enchantments. [potion of mutation]
  9502 | D:11     | Gained mutation: Your spells are a little harder to cast, but a little more powerful. [potion of mutation]
  9502 | D:11     | Gained mutation: Your body sometimes deteriorates upon taking damage. [potion of mutation]
  9557 | D:11     | Reached skill level 5 in Axes
  9584 | D:11     | Noticed a hill giant
  9605 | D:11     | Killed a hill giant
  9615 | D:11     | Lost mutation: Your body sometimes deteriorates upon taking damage. [mutagenic meat]
  9616 | D:11     | Gained mutation: You regenerate. [mutagenic meat]
 10077 | D:12     | Noticed an eight-headed hydra
 10080 | D:12     | Found an opulent altar of Gozag.
 10097 | D:12     | Slain by an 11-headed hydra

Action                   |  1- 3 |  4- 6 |  7- 9 | 10-12 || total
-------------------------+-------+-------+-------+-------++-------
Melee: Unarmed           |    77 |       |       |       ||    77
       Short sword       |    28 |   288 |   246 |       ||   562
       War axe           |       |       |   320 |   359 ||   679
       Broad axe         |       |       |       |   123 ||   123
Throw: Tomahawk          |       |       |       |     1 ||     1
Invok: Berserk           |     1 |     3 |     6 |     6 ||    16
       Trog's Hand       |     1 |     3 |     2 |     8 ||    14
       Burn Spellbooks   |       |       |     1 |       ||     1
  Use: Scroll            |       |       |    17 |    14 ||    31
       Potion            |       |       |     4 |     7 ||    11
 Stab: Sleeping          |     1 |       |     2 |     1 ||     4
  Eat: Bread ration      |     2 |       |     2 |       ||     4
       Chunk             |     1 |    25 |    34 |    43 ||   103
       Meat ration       |     1 |       |       |       ||     1
